 Dungeon Crawl Stone Soup version 0.21.1-1-g345015f (webtiles) character file.

24283 inmateoo the Arsonist (level 13, 0/154 HPs)
             Began as a Formicid Fire Elementalist on Feb 18, 2018.
             Was a High Priest of Vehumet.
             Slain by an orange demon (3 damage)
             ... summoned by Frances
             ... on level 13 of the Dungeon.
             The game lasted 00:34:29 (13299 turns).

inmateoo the Arsonist (Formicid Fire Elementalist) Turns: 13299, Time: 00:34:30

Health: 0/154      AC: 26    Str: 20    XL:     13   Next: 41%
Magic:  25/25      EV:  2    Int: 21    God:    Vehumet [*****.]
Gold:   1200       SH:  7    Dex: 11    Spells: 8/29 levels left

rFire    + + .     SeeInvis .   d - +8 quarterstaff (venom)
rCold    . . .     Gourm    .   u - +2 buckler
rNeg     + + +     Faith    .   (armour currently unavailable)
rPois    +         Spirit   .   (helmet unavailable)
rElec    +         Reflect  .   (cloak currently unavailable)
rCorr    +         Harm     .   (gloves currently unavailable)
MR       +....                  (boots currently unavailable)
Stlth    +++.......             e - amulet of regeneration
HPRegen  0.75/turn              n - ring "Til Urug" {Wiz rElec Int+3}
MPRegen  0.19/turn              v - ring of fire

@: mighty, tree-form, resistant
A: permanent stasis, dig shafts and tunnels, four strong arms
a: Renounce Religion


You were on level 13 of the Dungeon.
You worshipped Vehumet.
Vehumet was extremely pleased with you.
You were not hungry.
You were a tree.
You visited 2 branches of the dungeon, and saw 14 of its levels.
You also visited: Labyrinth and Ossuary.

You collected 1200 gold pieces.

Inventory:

Hand Weapons
 d - a +8 quarterstaff of venom (weapon)
Missiles
 m - 7 throwing nets (quivered)
Armour
 p - a +0 pair of boots (melded)
 u - a +2 buckler (worn)
 y - a scarf of cloud immunity (melded)
 K - a +1 leather armour of cold resistance (melded)
 L - a +2 pair of gloves of archery (melded)
Magical Staves
 j - an uncursed staff of earth
Jewellery
 e - an amulet of regeneration (around neck)
 n - the ring "Til Urug" (left branch) {Wiz rElec Int+3}
   (You found it in a labyrinth)

   [ring of wizardry]

   It improves your spell success rate.
   It affects your intelligence (+3).
   It insulates you from electricity.
 t - an uncursed ring of protection from magic
 v - a ring of fire (right branch)
 E - an uncursed ring of flight
Wands
 a - a wand of random effects (30)
 b - a wand of iceblast (8)
 h - a wand of paralysis (7)
 w - a wand of polymorph (17)
 x - a wand of digging (28)
 G - a wand of acid (4)
Scrolls
 i - a scroll of remove curse
 s - a scroll of fog
 A - 5 scrolls of identify
 B - 5 scrolls of enchant armour
 D - a scroll of amnesia
 J - a scroll of fear
Potions
 g - 3 potions of agility
 k - 2 potions of resistance
 l - a potion of mutation
 q - 4 potions of brilliance
 z - a potion of invisibility
 F - a potion of magic
Books
 I - a book of Summonings

   Spells                             Type                      Level
   a - Recall                         Summoning/Translocation      3
   b - Aura of Abjuration             Summoning                    5
   c - Summon Demon                   Summoning                    5
   d - Summon Forest                  Summoning/Translocation      5
   e - Summon Mana Viper              Hexes/Summoning              5
   f - Shadow Creatures               Summoning                    6
Comestibles
 c - 24 rations


   Skills:
 - Level 10.0 Fighting
   Level 3.0 Short Blades
 - Level 7.3 Staves
 - Level 2.0 Armour
 + Level 5.0 Dodging
 - Level 5.0 Stealth
 + Level 6.8 Shields
 * Level 8.9 Spellcasting
 + Level 6.5 Conjurations
 - Level 3.0 Hexes
 + Level 3.1 Charms
 + Level 10.0 Fire Magic
 - Level 5.1 Evocations


You had 8 spell levels left.
You knew the following spells:

 Your Spells              Type           Power        Failure   Level  Hunger
a - Flame Tongue          Conj/Fire      #####        1%          1    None
b - Throw Flame           Conj/Fire      ######       1%          2    None
c - Conjure Flame         Conj/Fire      ######..     1%          3    None
d - Sticky Flame          Conj/Fire      ######..     1%          4    ###....
e - Fireball              Conj/Fire      ######....   1%          5    #####..
f - Spectral Weapon       Hex/Chrm       ###.....     2%          3    None
g - Regeneration          Chrm/Necr      ###.......   4%          3    None


Dungeon Overview and Level Annotations

Branches:
Dungeon (13/15)            Temple (1/1) D:4            Lair (0/6) D:10
    Orc (0/2) D:9
 Vaults: D:13-14

Altars:
Ashenzari
Cheibriados
Elyvilon
Fedhas
Gozag
Kikubaaqudgha
Nemelex Xobeh
Qazlal
Ru
Trog
Uskayaw
Vehumet
Wu Jian
Xom
Yredelemnul
Zin
The Shining One

Shops:
D:4 :   D:8 %   D:9 ([

Annotations:
D:13 Frances


Innate Abilities, Weirdness & Mutations

You cannot be hasted, slowed, berserked, paralysed or teleported.
You can dig through walls and to a lower floor.
Your four strong arms can wield two-handed weapons with a shield.
((You have a pair of large antennae on your head. (SInv)))


Message History

Frances barely misses you.
You completely miss Frances.
Frances is heavily wounded.
You block the red devil's attack. Frances hits you but does no damage.
The chaos spawn gores you but does no damage.
The orange demon stings you but does no damage.
You block the orange demon's attack.
Unknown command.
You sock Frances!
Frances looks as sick as possible!
Frances is severely wounded.
Frances whispers indecipherable words.
The shard of ice hits you!
* * * LOW HITPOINT WARNING * * *
The red devil hits you but does no damage.
The chaos spawn hits you.
* * * LOW HITPOINT WARNING * * *
You are engulfed in flames.
You resist.
* * * LOW HITPOINT WARNING * * *
The orange demon stings you.
You die...

.......###..............#
........ ####...†.......#
.#.##..# ###.).###... ##
##[. #.....#.#
#..###..#.## ####....##.#
#........#.# .........#.#
. .......♣4#.# ...
#..[#4.@4#.#.....
.....####...#
..........8......
.....####...####. #.
.#.#.. . ..#.#...
..#.#..... ..%#.#..[..


You could see Frances, an orange demon, a chaos spawn and a red devil.

Vanquished Creatures
  A minotaur (Lab)
  Harold (D:10)
  A hydra (D:12)
  4 two-headed ogres
  An unseen horror (D:10)
  6 ugly things
  A deep elf mage (D:12)
  An orc knight (D:10)
  A spiny frog (shapeshifter) (D:13)
  2 gargoyles (D:12)
  A kobold demonologist (D:11)
  5 trolls
  5 hippogriffs
  4 slime creatures
  A shadow (D:13)
  15 yaks
  A vampire (D:10)
  A basilisk (D:12)
  4 hogs (D:8)
  A human (D:8)
  3 wyverns
  4 vampire mosquitoes (D:11)
  Menkaure (D:4)
  2 hungry ghosts
  An acid dragon (D:12)
  3 water moccasins
  Duvessa (D:4)
  An ice beast (D:10)
  7 orc warriors
  3 sky beasts
  2 black bears
  6 phantoms
  A hornet zombie (D:6)
  A necrophage (D:11)
  3 centaurs
  3 ogres
  2 big kobolds
  10 bullfrogs
  Dowan (D:4)
  A wyvern skeleton (D:6)
  4 scorpions
  7 killer bees (D:13)
  4 wights (D:10)
  9 crimson imps
  A bullfrog zombie (D:7)
  5 centaur zombies
  5 jellies
  A quasit (D:9)
  3 bullfrog skeletons
  Crazy Yiuf (D:5)
  13 orc priests
  8 hounds
  A centaur skeleton (D:8)
  13 worker ants
  An iguana (D:6)
  10 orc wizards
  A killer bee zombie (D:8)
  3 big kobold zombies (Ossuary)
  A hound zombie (D:8)
  4 mummies (Ossuary)
  3 worker ant zombies
  3 gnolls (D:6)
  A howler monkey skeleton (D:9)
  13 adders
  3 shadow imps
  An adder zombie (D:4)
  3 adder skeletons
  2 worms
  A dart slug (D:5)
  3 leopard geckos
  43 orcs
  5 bats
  3 giant cockroaches
  4 hobgoblins
  15 jackals
  17 kobolds
  A quokka (D:5)
  7 frilled lizards
  A goblin (D:1)
  2 hobgoblin zombies (Ossuary)
  A jackal skeleton (D:4)
  A leopard gecko skeleton (D:7)
  A quokka skeleton (D:7)
  A quokka zombie (D:4)
  5 rats
  A rat zombie (D:4)
349 creatures vanquished.

Vanquished Creatures (others)
  An orc warrior (D:12)
  A quokka (D:2)
  2 spectral weapons
  5 toadstools (D:1)
9 creatures vanquished.

Grand Total: 358 creatures vanquished

Notes
Turn   | Place    | Note
-------+----------+-------------------------------------------
     0 | D:1      | inmateoo the Formicid Fire Elementalist began the quest for the Orb.
     0 | D:1      | Reached XP level 1. HP: 13/13 MP: 3/3
   431 | D:1      | Reached XP level 2. HP: 17/19 MP: 1/5
   578 | D:2      | Found a bloodstained altar of Trog.
   662 | D:2      | Reached skill level 1 in Conjurations
   727 | D:2      | Found a shattered altar of Ashenzari.
   952 | D:2      | Found a hide-covered altar of Uskayaw.
  1004 | D:2      | Reached XP level 3. HP: 19/25 MP: 4/6
  1166 | D:2      | Found a white marble altar of Elyvilon.
  1292 | D:2      | Reached XP level 4. HP: 26/31 MP: 4/8
  1443 | D:3      | Found a sparkling altar of Nemelex Xobeh.
  1477 | D:3      | Found a faded altar of an unknown god.
  1490 | D:3      | Found a glowing golden altar of the Shining One.
  1584 | D:3      | Learned a level 2 spell: Throw Flame
  1588 | D:3      | Learned a level 3 spell: Conjure Flame
  1611 | D:3      | Found an ornate altar of the Wu Jian Council.
  2122 | D:4      | Reached skill level 1 in Fighting
  2122 | D:4      | Reached XP level 5. HP: 34/37 MP: 4/9
  2174 | D:4      | Found a sand-covered staircase.
  2200 | Ossuary  | Entered an ossuary
  2205 | Ossuary  | Reached skill level 1 in Short Blades
  2205 | Ossuary  | Reached skill level 1 in Shields
  2415 | Ossuary  | Reached XP level 6. HP: 33/43 MP: 5/10
  2421 | Ossuary  | Learned a level 4 spell: Sticky Flame
  2862 | D:4      | Found a staircase to the Ecumenical Temple.
  2912 | Temple   | Entered the Ecumenical Temple
  2966 | Temple   | Became a worshipper of Vehumet
  3017 | D:4      | Found Baiqypsirul's Book Shop.
  3039 | D:4      | Found a basalt altar of Yredelemnul.
  3039 | D:4      | Found an ancient bone altar of Kikubaaqudgha.
  3040 | D:4      | Noticed Menkaure
  3043 | D:4      | Noticed a phantom
  3058 | D:4      | Found a transporter.
  3060 | D:4      | Found a transporter.
  3112 | D:4      | Got an ivory spear
  3113 | D:4      | Identified the +3 spear of Flawed Execution {pierce, Str+3} (You found it on level 4 of the Dungeon)
  3127 | D:4      | Noticed an ogre
  3135 | D:4      | Killed an ogre
  3135 | D:4      | Reached XP level 7. HP: 38/50 MP: 5/12
  3207 | D:4      | Found a sacrificial altar of Ru.
  3397 | D:4      | Noticed Duvessa
  3397 | D:4      | Noticed Dowan
  3447 | D:4      | Killed Duvessa
  3451 | D:4      | Killed Dowan
  3864 | D:4      | Killed Menkaure
  3864 | D:4      | Reached XP level 8. HP: 31/57 MP: 7/13
  4115 | D:5      | Entered Level 5 of the Dungeon
  4258 | D:5      | Reached skill level 5 in Stealth
  4681 | D:5      | Reached skill level 5 in Fire Magic
  4724 | D:5      | Learned a level 5 spell: Fireball
  5008 | D:5      | Found a runed door.
  5012 | D:5      | Noticed Crazy Yiuf
  5021 | D:5      | Killed Crazy Yiuf
  5427 | D:6      | Reached * piety under Vehumet
  5427 | D:6      | Offered knowledge of Sandblast by Vehumet.
  5427 | D:6      | Reached XP level 9. HP: 57/65 MP: 8/15
  5776 | D:6      | Found a blossoming altar of Fedhas.
  5802 | D:6      | Found a snail-covered altar of Cheibriados.
  6053 | D:6      | Reached skill level 1 in Evocations
  6463 | D:7      | Reached skill level 5 in Fighting
  6731 | D:7      | Found an opulent altar of Gozag.
  7101 | D:7      | Reached skill level 5 in Conjurations
  7243 | D:7      | Reached skill level 1 in Staves
  7287 | D:7      | Found a stormy altar of Qazlal.
  7392 | D:8      | Found a shimmering altar of Xom.
  7414 | D:8      | Offered knowledge of Searing Ray by Vehumet.
  7582 | D:8      | Reached ** piety under Vehumet
  7618 | D:8      | Reached XP level 10. HP: 45/74 MP: 12/16
  7662 | D:8      | Found a glowing silver altar of Zin.
  7662 | D:8      | Noticed an angel
  8026 | D:8      | Reached skill level 5 in Spellcasting
  8053 | D:8      | Noticed a two-headed ogre
  8060 | D:8      | Killed a two-headed ogre
  8060 | D:8      | Reached skill level 5 in Evocations
  8257 | D:8      | Reached skill level 5 in Staves
  8429 | D:8      | Reached XP level 11. HP: 57/83 MP: 19/19
  8512 | D:8      | Found Munt's Food Boutique.
  8554 | D:9      | Offered knowledge of Throw Frost by Vehumet.
  8752 | D:9      | Reached *** piety under Vehumet
  8769 | D:9      | Found a staircase to the Orcish Mines.
  8769 | D:9      | Found Weduru Wacu's Weapon Shoppe.
  8769 | D:9      | Found Miump's Armour Shoppe.
  9210 | D:9      | Offered knowledge of Fulminant Prism by Vehumet.
  9364 | D:10     | Entered Level 10 of the Dungeon
  9369 | D:10     | Noticed Harold
  9370 | D:10     | Noticed an unseen horror
  9377 | D:10     | Killed an unseen horror
  9387 | D:10     | Killed Harold
  9808 | D:10     | Reached **** piety under Vehumet
  9819 | D:10     | Found a staircase to the Lair.
  9833 | D:10     | Noticed an orc knight
  9842 | D:10     | Killed an orc knight
  9842 | D:10     | Reached skill level 1 in Armour
  9944 | D:10     | Noticed a two-headed ogre
  9956 | D:10     | Killed a two-headed ogre
 10235 | D:10     | Noticed a two-headed ogre
 10248 | D:10     | Killed a two-headed ogre
 10436 | D:10     | Reached XP level 12. HP: 92/92 MP: 14/21
 10475 | D:11     | Learned a level 3 spell: Spectral Weapon
 10485 | D:11     | Learned a level 3 spell: Regeneration
 10631 | D:11     | Offered knowledge of Lee's Rapid Deconstruction by Vehumet.
 10690 | D:11     | Noticed a soul eater
 10763 | D:11     | Reached skill level 5 in Shields
 11301 | D:12     | HP: 4/94 [bullfrog (3)]
 11360 | D:12     | Noticed a five-headed hydra
 11506 | D:12     | Noticed Sonja
 11522 | D:12     | Reached skill level 1 in Hexes
 11589 | D:12     | Reached skill level 1 in Charms
 11607 | D:12     | Noticed Sonja
 11607 | D:12     | Sonja changed into Sonja the water moccasin
 11625 | D:12     | Killed Sonja the water moccasin
 11629 | D:12     | Found a labyrinth entrance.
 11636 | Lab      | Entered a labyrinth
 11833 | Lab      | Noticed a minotaur
 11844 | Lab      | Killed a minotaur
 11974 | Lab      | Got a bound platinum ring
 11982 | Lab      | Identified the ring "Til Urug" {Wiz rElec Int+3} (You found it in a labyrinth)
 12287 | D:12     | Reached ***** piety under Vehumet
 12287 | D:12     | Offered knowledge of Yara's Violent Unravelling by Vehumet.
 12292 | D:12     | Killed a five-headed hydra
 12304 | D:12     | Reached XP level 13. HP: 84/101 MP: 3/25
 12325 | D:12     | HP: 3/101 [acid (14)]
 13125 | D:13     | Reached skill level 5 in Dodging
 13231 | D:13     | Reached skill level 10 in Fire Magic
 13263 | D:13     | Reached skill level 10 in Fighting
 13277 | D:13     | Noticed Frances
 13293 | D:13     | HP: 3/154 [Frances/vampiric short sword (6)]
 13299 | D:13     | HP: 6/154 [chaos spawn[Frances] (6)]
 13299 | D:13     | Slain by an orange demon

Skill      XL: |  1  2  3  4  5  6  7  8  9 10 11 12 13 |
---------------+----------------------------------------+-----
Conjurations   | 1 2 3 5 6 |  6.5
Dodging        | 2 3 4 5 |  5.0
Fighting       | 1 2 3 5 6 7 9 10 | 10.0
Stealth        | 3 4 5 |  5.0
Spellcasting   | 3 4 5 6 8 |  8.9
Short Blades   | 1 2 3 |  3.0
Shields        | 1 2 4 6 |  6.8
Fire Magic     | 4 5 6 7 9 10 | 10.0
Evocations     | 4 5 |  5.1
Staves         | 2 5 7 |  7.3
Armour         | 1 2 |  2.0
Hexes          | 2 3 |  3.0
Charms         | 2 3 |  3.1

Action                   |  1- 3 |  4- 6 |  7- 9 | 10-12 | 13-15 || total
-------------------------+-------+-------+-------+-------+-------++-------
Melee: Dagger            |    64 |   104 |    60 |       |       ||   228
       Unarmed           |     1 |       |       |       |       ||     1
       Spear             |       |     1 |    46 |       |       ||    47
       Quarterstaff      |       |       |   277 |   360 |   124 ||   761
       Falchion          |       |       |    16 |       |       ||    16
 Cast: Flame Tongue      |    44 |    75 |    71 |   138 |    17 ||   345
       Throw Flame       |       |     2 |     9 |     7 |     1 ||    19
       Sticky Flame      |       |     1 |    24 |    38 |    10 ||    73
       Conjure Flame     |       |       |       |    21 |     3 ||    24
       Fireball          |       |       |       |     9 |     9 ||    18
       Spectral Weapon   |       |       |       |     1 |     2 ||     3
 Abil: Dig               |     3 |     1 |     1 |     3 |       ||     8
Evoke: Wand              |       |       |     5 |     1 |     5 ||    11
       Box of beasts     |       |       |       |       |     1 ||     1
  Use: Scroll            |     7 |     8 |    12 |     7 |       ||    34
       Potion            |     1 |       |     5 |     4 |     6 ||    16
 Stab: Sleeping          |     3 |     2 |     5 |     3 |       ||    13
       Invisible         |       |       |     3 |       |       ||     3
  Eat: Chunk             |     2 |     3 |    13 |    23 |     4 ||    45
       Ration            |       |     1 |     4 |     1 |     1 ||     7
Armor: Robe              |    29 |    25 |    91 |    15 |       ||   160
       Ring mail         |       |       |       |    55 |       ||    55
       Leather armour    |       |       |       |     7 |    22 ||    29
       Skin              |       |       |       |       |    20 ||    20
Dodge: Dodged            |    66 |    63 |   253 |   185 |    52 ||   619
Block: Buckler           |       |       |   115 |   119 |    41 ||   275
       Rpst.: Falchion   |       |       |     2 |       |       ||     2
